AoeStats
← [WKT] Conqu33ftador

Arena

508067282Analyzed
3v3 RM · 11d ago on Sep 20, 2026· 53m 33s· 6 players
Game mode
Random Map
Map size
Normal (6 player)
Population
200
Speed
Normal
Resources
Standard
Victory
Conquest
Starting age
Dark Age
Ending age
Imperial Age
RankedLock teamsTeams togetherTeam positionsShared explorationLock speedFull tech treeHidden civsTurbo modeCheats
Victory
Defeat
🇹🇷 Burgundians · Türkiye
1224
+13
🇹🇷 Italians · Türkiye
1195
+15
🇹🇷 Romans · Türkiye
1063
+21
🇺🇸 Hindustanis · United States
1173
-17
🇫🇷 Lithuanians · France
1173
-17
🇩🇪 Ethiopians · Germany
1142
-15
Canbo
10:20 Feudal Age
14:32 Castle Age
12:29 Double-Bit Axe
12:47 Horse Collar
18:34 Bow Saw
19:30 Heavy Plow
23:03 Wheelbarrow
23:19 Loom
24:55 Hand Cart
25:19 Gold Mining
29:22 Imperial Age
27:06 Scale Barding Armor
27:04 Stone Mining
29:30 Two-Man Saw
29:51 Crop Rotation
30:17 Chain Barding Armor
30:07 Forging
30:14 Cavalier
31:13 Fletching
33:20 Iron Casting
35:58 Blast Furnace
38:27 Husbandry
39:50 Stone Shaft Mining
39:50 Gold Shaft Mining
42:02 Paladin
44:32 Plate Barding Armor
46:56 Bodkin Arrow
51:36 Burgundian Vineyards
53:27 Conscription
goddammit
11:00 Feudal Age
14:36 Castle Age
14:52 Double-Bit Axe
14:48 Horse Collar
16:06 Bow Saw
23:44 Loom
24:10 Gold Mining
24:26 Heavy Plow
25:01 Stone Mining
25:23 Gold Mining
26:15 Wheelbarrow
25:26 Town Watch
30:58 Imperial Age
28:52 Hand Cart
28:38 Town Patrol
29:00 Bloodlines
28:50 Husbandry
28:55 Fletching
29:06 Padded Archer Armor
29:37 Bodkin Arrow
30:50 Leather Archer Armor
31:17 Stone Shaft Mining
31:59 Bracer
33:00 Chemistry
32:21 Ballistics
31:25 Light Cavalry
32:36 Ring Archer Armor
32:17 Forging
32:12 Scale Barding Armor
32:41 Hussar
34:51 Chemistry
34:01 Masonry
35:25 Conscription
35:52 Chain Barding Armor
35:36 Elite Genoese Crossbowman
37:06 Architecture
38:07 Plate Barding Armor
38:07 Iron Casting
40:31 Crop Rotation
40:54 Treadmill Crane
41:10 Murder Holes
41:26 Fortified Wall
43:30 Blast Furnace
47:20 Capped Ram
49:27 Elite Skirmisher
50:12 Thumb Ring
52:54 Guard Tower
52:51 Arrowslits
HAL9000
12:20 Feudal Age
17:09 Castle Age
16:11 Horse Collar
16:19 Double-Bit Axe
18:10 Heavy Plow
18:23 Bow Saw
21:09 Gold Mining
23:27 Forging
23:02 Man-at-Arms
23:45 Scale Mail Armor
24:28 Long Swordsman
27:26 Wheelbarrow
27:21 Ballistics
29:48 Gold Shaft Mining
34:53 Imperial Age
35:05 Stone Mining
35:48 Heavy Scorpion
35:52 Legionary
37:12 Iron Casting
36:53 Chain Mail Armor
36:53 Capped Ram
43:47 Blast Furnace
42:50 Elite Centurion
43:35 Ballistas
[WKT] Pastisor
10:51 Feudal Age
14:38 Castle Age
12:24 Double-Bit Axe
12:20 Horse Collar
15:55 Bow Saw
19:22 Heavy Plow
19:31 Town Watch
23:02 Wheelbarrow
24:42 Hand Cart
24:16 Loom
24:24 Gold Mining
27:45 Imperial Age
26:17 Scale Barding Armor
26:23 Forging
27:18 Husbandry
27:29 Bloodlines
27:25 Stone Mining
28:36 Chain Barding Armor
28:52 Iron Casting
28:11 Heavy Camel Rider
28:17 Heavy Camel Rider
31:15 Chemistry
30:54 Imperial Camel Rider
33:20 Plate Barding Armor
33:45 Blast Furnace
34:37 Caravan
42:51 Ballistics
45:37 Shatagni
46:31 Siege Engineers
46:29 Padded Archer Armor
48:50 Light Cavalry
49:57 Leather Archer Armor
50:40 Hussar
[WKT] Olam
10:42 Feudal Age
15:01 Castle Age
12:50 Double-Bit Axe
12:46 Horse Collar
17:37 Bloodlines
23:32 Fervor
23:49 Bow Saw
23:40 Heavy Plow
24:16 Wheelbarrow
23:27 Town Watch
25:04 Gold Mining
25:04 Stone Mining
26:22 Hand Cart
26:50 Stone Shaft Mining
26:18 Town Patrol
28:32 Loom
32:00 Imperial Age
29:37 Scale Barding Armor
29:45 Forging
29:54 Padded Archer Armor
29:44 Fletching
31:20 Chain Barding Armor
32:04 Fortified Wall
32:22 Bodkin Arrow
33:02 Cavalier
33:42 Husbandry
34:15 Elite Skirmisher
35:11 Leather Archer Armor
34:56 Bracer
36:00 Chemistry
36:14 Paladin
39:54 Plate Barding Armor
40:18 Iron Casting
43:37 Ring Archer Armor
45:08 Ballistics
[WKT] Conqu33ftador
10:41 Feudal Age
12:02 Double-Bit Axe
14:31 Castle Age
16:37 Horse Collar
21:24 Bow Saw
23:27 Wheelbarrow
23:45 Crossbowman
25:11 Gold Mining
25:19 Fletching
26:12 Loom
27:59 Bodkin Arrow
28:14 Thumb Ring
28:34 Heavy Plow
30:06 Caravan
31:07 Ballistics
33:28 Imperial Age
32:08 Squires
32:13 Scale Mail Armor
32:32 Stone Mining
34:32 Arbalester
35:34 Bracer
35:35 Padded Archer Armor
40:40 Conscription
43:31 Two-Man Saw
42:51 Leather Archer Armor
42:52 Chain Mail Armor
44:06 Town Watch
44:37 Hand Cart
48:29 Chemistry
47:35 Siege Engineers
49:25 Halberdier
51:10 Ring Archer Armor
51:10 Plate Mail Armor
50:52 Forging
Connection lost

Rejoining the realm…

Still unreachable

The connection could not be restored.

Session expired

The server has moved on; the page needs a fresh start.